 Adventure DCSS version bcrawl-1.19-7-g22fd707d3b (webtiles) character file.

Game seed: 9540633201375631034

900 Leeroy the Carver (level 7, -5/41 HPs)
             Began as a Skeleton Reaver on Nov 16, 2019.
             Was a Believer of Vehumet.
             Engulfed by a steam dragon's steam (6 damage)
             ... on level 7 of the Dungeon.
             The game lasted 00:12:51 (5596 turns).

Leeroy the Carver (Skeleton Reaver)                 Turns: 5596, Time: 00:12:52

Health: -5/41      AC: 11    Str: 18    XL:     7   Next: 79%
Magic:  0/11       EV:  8    Int: 14    God:    Vehumet [**....]
Gold:   239        SH:  1    Dex:  7    Spells: 8/12 levels left
                                        Lives:  0   Deaths: 2

rFire    . . .     SeeInvis .   m - -1 long sword (curse)
rCold    + . .     Gourm    .   (no shield)
rNeg     + + +     Faith    .   f - +0 plate armour
rPois    ∞         Spirit   +   (no helmet)
rElec    .         Reflect  .   (no cloak)
rCorr    .         Harm     .   (no gloves)
MR       +....                  g - +0 pair of boots
Stlth    ..........             (no amulet)
HPRegen  1.13/turn              (no ring)
MPRegen  0.12/turn              (no ring)

@: no status effects
A: no food or potions, cold resistance 1, deterioration 1, negative energy
resistance 3, powered by death 1, torment resistance, unbreathing, magic shield,
sturdy frame 1, spell healing
a: Renounce Religion


You were on level 7 of the Dungeon.
You worshipped Vehumet.
Vehumet was pleased with you.
You were not hungry.

You visited 1 branch of the dungeon, and saw 7 of its levels.

You collected 239 gold pieces.

Inventory:

Hand Weapons
 a - a +1 long sword
 d - a cursed -3 mace
 i - a +0 longbow
 l - a +0 halberd
 m - a cursed -1 long sword (weapon)
 p - a +0 blowgun
 w - a +0 shortbow
Missiles
 h - 21 needles of confusion
 q - 20 poisoned needles
 r - 547 arrows
 v - 2 throwing nets (quivered) {!f}
Armour
 b - +0 steam dragon scales
 f - a +0 plate armour (worn)
 g - a +0 pair of boots (worn)
Magical Staves
 u - an uncursed staff of poison {unknown}
Wands
 j - a wand of iceblast (6)
Scrolls
 c - a scroll of immolation
 e - a scroll of fog
 k - 2 scrolls of magic mapping
 n - a scroll of silence {unknown}
 o - 2 scrolls of amnesia
 s - a scroll of identify
 t - a scroll of acquirement {unknown}


   Skills:
 - Level 3.0 Fighting
 - Level 10.2 Long Blades
 - Level 6.8 Dodging
 - Level 3.0 Spellcasting
 + Level 0.5 Evocations


You had 8 spell levels left.
You knew the following spells:

 Your Spells              Type           Power        Failure   Level  Hunger
a - Shock                 Conj/Air       #....        73%         1    N/A
b - Iskenderun's Mystic   Conj           #.......     97%         3    N/A

Your spell library contained the following spells:

 Spells                   Type           Power        Failure   Level  Hunger
 Magic Dart               Conj           #...         73%         1    N/A
 Conjure Flame            Conj/Fire      #.......     97%         3    N/A
 Mephitic Cloud           Conj/Pois/Air  #.......     97%         3    N/A
 Blink                    Tloc           N/A          100%        2    N/A
 Call Imp                 Summ           #.....       100%        2    N/A
 Recall                   Summ/Tloc      N/A          100%        3    N/A
 Animate Dead             Necr           N/A          100%        4    N/A
 Iskenderun's Battlesphe  Conj/Chrm      #.......     100%        5    N/A
 Borgnjor's Vile Clutch   Necr/Erth      #.........   100%        6    N/A
 Death Channel            Chrm/Necr      #.........   100%        6    N/A
 Simulacrum               Ice/Necr       #.........   100%        6    N/A
 Spider Form              Tmut/Pois      Unusable     N/A         3    N/A

Dungeon Overview and Level Annotations

Branches:
Dungeon (7/12)             Temple (0/1) D:5
   Lair: D:7-9

Altars:
Vehumet

Annotations:
D:4 Dowan, Duvessa


Innate Abilities, Weirdness & Mutations

You do not eat or drink.
You are immune to poison.
Your flesh is cold resistant. (rC+)
Your body sometimes deteriorates upon taking damage.
You are immune to negative energy. (rN+++)
You regenerate a little health from kills.
You are immune to unholy pain and torment.
You can survive without breathing.
When hurt, damage is shared between your health and your magic reserves.
Your movements are slightly less encumbered by armour. (ER -2)
Casting spells heals you.


Message History

The steam dragon is moderately wounded.
The steam dragon breathes steam at you. The ball of steam misses you.
The orc hits you but does no damage.
The orc throws a tomahawk.
The tomahawk barely misses you.
There is a stone staircase leading up here.
You miss the big kobold. You block the big kobold's attack.
The steam dragon bites you but does no damage.
The steam dragon barely misses you. The kobold hits you but does no damage.
You hit the steam dragon.
The steam dragon is heavily wounded.
The orc throws a tomahawk.
The tomahawk hits you.
The orc hits you from afar with a +0 trident.
The steam dragon breathes steam at you. The ball of steam hits you!
* * * LOW HITPOINT WARNING * * *
You hit the steam dragon.
The steam dragon is heavily wounded.
You are engulfed in a cloud of scalding steam.
You die...

####.....####
.......?....
...........##
............#
............#
.........)..#
......o.Ko..#
.....K§.)D..#
.....§§K@K.##
....#§§§§.##
### #######


You could see a steam dragon, a big kobold, 2 orcs and 3 kobolds.

Vanquished Creatures
  A hungry ghost (D:6)
  An ice beast (D:6)
  A phantom (D:5)
  An eye of draining (D:6)
  2 ogres (D:6)
  A centaur (D:5)
  A crocodile (D:6)
  2 crimson imps
  A bullfrog zombie (D:5)
  A quasit (D:5)
  2 hounds (D:5)
  A jelly (D:6)
  An orc priest (D:7)
  An orc wizard (D:6)
  A bullfrog skeleton (D:4)
  2 iguanas (D:5)
  A worker ant (D:6)
  A worker ant zombie (D:6)
  A howler monkey zombie (D:6)
  4 adders
  3 gnolls
  A shadow imp (D:6)
  5 worms
  2 dart slugs
  9 leopard geckos
  7 orcs
  4 giant cockroaches
  4 goblins
  4 hobgoblins
  14 jackals
  7 kobolds
  3 quokkas
  2 ball pythons
  8 bats
  7 frilled lizards
  A jackal zombie (D:6)
  9 rats
117 creatures vanquished.

Vanquished Creatures (others)
  3 plants (D:6)
3 creatures vanquished.

Grand Total: 120 creatures vanquished

Notes
Turn   | Place    | Note
-------+----------+-------------------------------------------
     0 | D:1      | Leeroy the Skeleton Reaver began the quest for the Orb.
     0 | D:1      | Reached XP level 1. HP: 14/14 MP: 4/4
    28 | D:1      | Reached skill level 4 in Long Blades
    45 | D:1      | Reached XP level 2. HP: 17/19 MP: 6/6
   302 | D:1      | Reached skill level 5 in Long Blades
   303 | D:1      | Reached * piety under Vehumet
   303 | D:1      | Offered knowledge of Shock by Vehumet.
   307 | D:1      | Reached XP level 3. HP: 22/23 MP: 7/7
   313 | D:1      | Learned a level 1 spell: Shock
  1432 | D:2      | Reached skill level 6 in Long Blades
  1432 | D:2      | Reached XP level 4. HP: 25/28 MP: 6/8
  2269 | D:3      | Reached XP level 5. HP: 30/32 MP: 9/9
  2303 | D:3      | Reached skill level 7 in Long Blades
  3006 | D:3      | Reached ** piety under Vehumet
  3006 | D:3      | Offered knowledge of Flame Tongue by Vehumet.
  3083 | D:4      | Noticed an ogre
  3096 | D:4      | Noticed Dowan
  3098 | D:4      | Noticed Duvessa
  3102 | D:5      | Entered Level 5 of the Dungeon
  3105 | D:5      | Found a staircase to the Ecumenical Temple.
  3113 | D:5      | Reached skill level 8 in Long Blades
  3135 | D:5      | Gained mutation: You regenerate a little health from kills.
                  | [Skeleton growth]
  3135 | D:5      | Reached XP level 6. HP: 11/37 MP: 4/10
  3166 | D:5      | Noticed an orc warrior
  3354 | D:5      | Reached skill level 9 in Long Blades
  3463 | D:5      | Offered knowledge of Iskenderun's Mystic Blast by Vehumet.
  3468 | D:5      | Learned a level 3 spell: Iskenderun's Mystic Blast
  3673 | D:5      | Lost dexterity.
  4393 | D:5      | Mangled by an ogre
  4394 | D:5      | Reached XP level 5. HP: -7/32 MP: 0/9
  4416 | D:5      | Noticed a phantom
  4464 | D:5      | Killed a phantom
  4464 | D:5      | Reached XP level 6. HP: 23/37 MP: 7/10
  4652 | D:6      | Noticed a hungry ghost
  4673 | D:6      | Noticed a hippogriff
  4677 | D:6      | Mangled by an ogre
  4678 | D:6      | Reached XP level 5. HP: -8/32 MP: 0/9
  4678 | D:6      | Noticed a crocodile
  4698 | D:6      | Killed a crocodile
  4698 | D:6      | Reached skill level 10 in Long Blades
  4933 | D:6      | Reached XP level 6. HP: 32/37 MP: 8/10
  4983 | D:6      | Noticed an ice beast
  5002 | D:6      | Killed an ice beast
  5114 | D:6      | Killed a hungry ghost
  5114 | D:6      | Reached skill level 5 in Dodging
  5114 | D:6      | Reached XP level 7. HP: 16/41 MP: 7/11
  5297 | D:6      | Found a radiant altar of Vehumet.
  5579 | D:7      | Noticed a steam dragon
  5595 | D:7      | HP: 1/41 [steam dragon/ball of steam (15)]
  5596 | D:7      | Engulfed by a steam dragon's steam

Skill      XL: |  1  2  3  4  5  6  7 |
---------------+----------------------+-----
Long Blades    | 4 5 6 10 9 | 10.2
Dodging        | 5 6 |  6.8
Fighting       | |  3.0
Spellcasting   | |  3.0
Evocations     | |  0.5

Action                   |  1- 3 |  4- 6 |  7- 9 || total
-------------------------+-------+-------+-------++-------
Melee: Long sword        |   136 |   666 |    51 ||   853
 Cast: Shock             |       |     1 |       ||     1
  Use: Scroll            |     1 |     8 |       ||     9
Armor: Steam dragon scal |    25 |       |       ||    25
       Plate armour      |    86 |   650 |    35 ||   771
Dodge: Dodged            |    74 |   255 |    27 ||   356
Block: Other             |       |    15 |     2 ||    17
